CAL
STOCKTON PORTS @ RANCHO CUCAMONGA QUAKES
08/07/2098
 
TOP OF THE 1ST
Stockton Ports batting - Pitching for Rancho Cucamonga Quakes : LHP Sam van de Bunt
Pitching: LHP Sam van de Bunt
Batting: RHB Malachi Bazile 0-0: Ball
1-0: Ball
2-0: Ball
3-0: Called Strike
3-1: Base on Balls
Batting: RHB John Glidden 0-0: Ball
1-0: Sac Bunt to 15 - play at first, batter OUT! 1-3
Malachi Bazile to second
Batting: SHB Andy Phillips 0-0: Called Strike
0-1: Foul Ball, location: 2F
0-2: Ball
1-2: Ball
2-2: Foul Ball, location: 2F
2-2: Ball
3-2: Base on Balls
Batting: RHB T.J. Holland 0-0: Ball
1-0: Swinging Strike
1-1: Fly out, F6 (Popup, P, EV 83.1 MPH)
Batting: LHB Matt Wiley 0-0: Ball
1-0: Ball
2-0: Called Strike
2-1: Ball
3-1: Base on Balls
Malachi Bazile to third
Andy Phillips to second
Batting: RHB Steve Groh 0-0: DOUBLE (Line Drive, 89M, EV 95.6 MPH)
Malachi Bazile scores
Andy Phillips scores
Matt Wiley to third
Batting: RHB Jamal Smith 0-0: Called Strike
0-1: Called Strike
0-2: Foul Ball, location: 2F
0-2: Foul Ball, location: 3F
0-2: Ball
1-2: Foul Ball, location: 9LDF
1-2: Foul Ball, location: 5FF
1-2: Ball
2-2: Fly out, F7 (Flyball, 78S, EV 88.1 MPH)
Top of the 1st over - 2 runs, 1 hit, 0 errors, 2 left on base; Stockton 2 - Rancho Cucamonga 0
BOTTOM OF THE 1ST
Rancho Cucamonga Quakes batting - Pitching for Stockton Ports : RHP Bobby Rettig
Pitching: RHP Bobby Rettig
Batting: SHB Jim Unknown 0-0: Called Strike
0-1: Called Strike
0-2: Strikes out swinging
Batting: RHB Gene Foley 0-0: Fly out, F4 (Popup, 4S, EV 75.0 MPH)
Batting: RHB Justin Rottier 0-0: Ball
1-0: Ball
2-0: Fly out, F8 (Flyball, 8RS, EV 79.4 MPH)
Bottom of the 1st over - 0 runs, 0 hits, 0 errors, 0 left on base; Stockton 2 - Rancho Cucamonga 0
TOP OF THE 2ND
Stockton Ports batting - Pitching for Rancho Cucamonga Quakes : LHP Sam van de Bunt
Batting: RHB Morgan Woodruff 0-0: Called Strike
0-1: Ball
1-1: Called Strike
1-2: Ball
2-2: Foul Ball, location: 3F
2-2: Strikes out swinging
Batting: RHB Andres Lucero 0-0: Foul Ball, location: 9LSF
0-1: Ball
1-1: Foul Ball, location: 3F
1-2: Foul Ball, location: 2F
1-2: SINGLE (Line Drive, 6D, EV 96.9 MPH)
Batting: RHB Malachi Bazile 0-0: Ball
1-0: Swinging Strike
1-1: Ground out 6-3 (Groundball, 6MD, EV 103.1 MPH)
Andres Lucero to second
Batting: RHB John Glidden 0-0: Ball
1-0: Called Strike
1-1: Ball
2-1: Swinging Strike
2-2: Foul Ball, location: 2F
2-2: Strikes out swinging
Top of the 2nd over - 0 runs, 1 hit, 0 errors, 1 left on base; Stockton 2 - Rancho Cucamonga 0
BOTTOM OF THE 2ND
Rancho Cucamonga Quakes batting - Pitching for Stockton Ports : RHP Bobby Rettig
Batting: LHB Blake Marez 0-0: Foul Ball, location: 25F
0-1: Called Strike
0-2: Strikes out swinging
Batting: RHB Aaron Hinojosa 0-0: Ball
1-0: Ground out 2-3 (Groundball, 2R, EV 71.9 MPH)
Batting: LHB Joey Baker 0-0: Foul Ball, location: 2F
0-1: DOUBLE (Line Drive, 89M, EV 101.9 MPH)
Batting: LHB Ryan Greene 0-0: Swinging Strike
0-1: Ball
1-1: Fly out, F7 (Flyball, 7, EV 91.9 MPH)
Bottom of the 2nd over - 0 runs, 1 hit, 0 errors, 1 left on base; Stockton 2 - Rancho Cucamonga 0
TOP OF THE 3RD
Stockton Ports batting - Pitching for Rancho Cucamonga Quakes : LHP Sam van de Bunt
Batting: SHB Andy Phillips 0-0: Ball
1-0: Called Strike
1-1: Ball
2-1: Ball
3-1: Base on Balls
Batting: RHB T.J. Holland 0-0: Called Strike
0-1: Ball
1-1: Called Strike
1-2: Foul Ball, location: 25FF
1-2: Strikes out swinging
Batting: LHB Matt Wiley 0-0: Ball
1-0: Ball
2-0: Foul Ball, location: 7LDF
2-1: SINGLE (Line Drive, 8RS, EV 96.3 MPH)
Andy Phillips to second
Batting: RHB Steve Groh 0-0: Ball
1-0: Called Strike
1-1: Swinging Strike
1-2: Fly out, F7 (Flyball, 7S, EV 83.1 MPH)
Batting: RHB Jamal Smith 0-0: Ball
1-0: Ball
2-0: Called Strike
2-1: Ball
3-1: Base on Balls
Andy Phillips to third
Matt Wiley to second
Batting: RHB Morgan Woodruff 0-0: Called Strike
0-1: Called Strike
0-2: Ball
1-2: Foul Ball, location: 5FF
1-2: Ball
2-2: Ball
3-2: Strikes out looking
Top of the 3rd over - 0 runs, 1 hit, 0 errors, 3 left on base; Stockton 2 - Rancho Cucamonga 0
BOTTOM OF THE 3RD
Rancho Cucamonga Quakes batting - Pitching for Stockton Ports : RHP Bobby Rettig
Batting: RHB Aaron Marcis 0-0: Ball
1-0: Foul Ball, location: 25F
1-1: Fly out, F7 (Flyball, 7, EV 85.6 MPH)
Batting: SHB Mike Godwin 0-0: Foul Ball, location: 2RF
0-1: Swinging Strike
0-2: Ball
1-2: Strikes out swinging
Batting: SHB Jim Unknown 0-0: SINGLE (Line Drive, 4MD, EV 98.8 MPH)
Batting: RHB Gene Foley 0-0: Foul Ball, location: 23F
0-1: Ball
1-1: Swinging Strike
1-2: Ball
2-2: Foul Ball, location: 2F
2-2: Ball
3-2: Strikes out swinging
Bottom of the 3rd over - 0 runs, 1 hit, 0 errors, 1 left on base; Stockton 2 - Rancho Cucamonga 0
TOP OF THE 4TH
Stockton Ports batting - Pitching for Rancho Cucamonga Quakes : LHP Sam van de Bunt
Batting: RHB Andres Lucero 0-0: Ground out U3 (Groundball, 34, EV 98.1 MPH)
Batting: RHB Malachi Bazile 0-0: Foul Ball, location: 5F
0-1: Ball
1-1: Ground out 4-3 (Groundball, 4, EV 92.5 MPH)
Batting: RHB John Glidden 0-0: SINGLE (Groundball, 34D, EV 93.8 MPH)
Batting: SHB Andy Phillips 0-0: Called Strike
0-1: Ball
1-1: Ball
2-1: Foul Ball, location: 2F
2-2: Ball
3-2: Strikes out looking
Top of the 4th over - 0 runs, 1 hit, 0 errors, 1 left on base; Stockton 2 - Rancho Cucamonga 0
BOTTOM OF THE 4TH
Rancho Cucamonga Quakes batting - Pitching for Stockton Ports : RHP Bobby Rettig
Batting: RHB Justin Rottier 0-0: Ball
1-0: Ball
2-0: Fly out, F7 (Flyball, 7, EV 95.0 MPH)
Batting: LHB Blake Marez 0-0: Called Strike
0-1: Ball
1-1: Ball
2-1: Ground out 1-3 (Groundball, 13S, EV 69.4 MPH)
Batting: RHB Aaron Hinojosa 0-0: Foul Ball, location: 9LDF
0-1: Ball
1-1: Swinging Strike
1-2: Ball
2-2: Fly out, F8 (Line Drive, 8LM, EV 97.5 MPH)
Bottom of the 4th over - 0 runs, 0 hits, 0 errors, 0 left on base; Stockton 2 - Rancho Cucamonga 0
TOP OF THE 5TH
Stockton Ports batting - Pitching for Rancho Cucamonga Quakes : LHP Sam van de Bunt
Batting: RHB T.J. Holland 0-0: Ball
1-0: Foul Ball, location: 3F
1-1: Swinging Strike
1-2: Strikes out swinging
Pitching: RHP Guadalupe Lujan
Batting: LHB Matt Wiley 0-0: Ball
1-0: SINGLE (Line Drive, 34D, EV 103.8 MPH)
Batting: RHB Steve Groh 0-0: Ball
1-0: Swinging Strike
1-1: Swinging Strike
1-2: Foul Ball, location: 2RF
1-2: Ball
Wild Pitch!
Matt Wiley to second
2-2: Ground out 5-3 (Groundball, 5L, EV 83.8 MPH)
Batting: RHB Jamal Smith 0-0: Swinging Strike
0-1: Swinging Strike
0-2: Ball
1-2: Strikes out looking
Top of the 5th over - 0 runs, 1 hit, 0 errors, 1 left on base; Stockton 2 - Rancho Cucamonga 0
BOTTOM OF THE 5TH
Rancho Cucamonga Quakes batting - Pitching for Stockton Ports : RHP Bobby Rettig
Batting: LHB Joey Baker 0-0: Ball
1-0: Fly out, F7 (Flyball, 7LM, EV 86.9 MPH)
Batting: LHB Ryan Greene 0-0: Ball
1-0: Foul Ball, location: 7LSF
1-1: Called Strike
1-2: Strikes out swinging
Batting: RHB Aaron Marcis 0-0: Ball
1-0: Ball
2-0: Foul Ball, location: 3FF
2-1: Ball
3-1: Foul Ball, location: 9LDF
3-2: Ground out 6-3 (Groundball, 6, EV 80.0 MPH)
Bottom of the 5th over - 0 runs, 0 hits, 0 errors, 0 left on base; Stockton 2 - Rancho Cucamonga 0
TOP OF THE 6TH
Stockton Ports batting - Pitching for Rancho Cucamonga Quakes : RHP Guadalupe Lujan
Batting: RHB Morgan Woodruff 0-0: Ball
1-0: Foul Ball, location: 5FF
1-1: Foul Ball, location: 9LDF
1-2: Strikes out looking
Batting: RHB Andres Lucero 0-0: Ground out 6-3 (Groundball, 6S, EV 61.3 MPH)
Batting: RHB Malachi Bazile 0-0: Called Strike
0-1: SINGLE (Groundball, 6MS, EV 90.6 MPH) (infield hit)
Batting: RHB John Glidden 0-0: Ball
Malachi Bazile steals 2nd base
1-0: Ground out 2-3 (Groundball, 2R, EV 67.5 MPH)
Top of the 6th over - 0 runs, 1 hit, 0 errors, 1 left on base; Stockton 2 - Rancho Cucamonga 0
BOTTOM OF THE 6TH
Rancho Cucamonga Quakes batting - Pitching for Stockton Ports : RHP Bobby Rettig
Batting: SHB Mike Godwin 0-0: Ball
1-0: DOUBLE (Groundball, 3L, EV 97.5 MPH)
Batting: SHB Jim Unknown 0-0: Ball
1-0: Swinging Strike
1-1: Ball
2-1: Foul Ball, location: 9LSFF
2-2: Ball
3-2: Foul Ball, location: 5FF
3-2: Foul Ball, location: 25F
3-2: Strikes out swinging
Batting: RHB Gene Foley 0-0: Ball
1-0: Called Strike
1-1: Foul Ball, location: 2F
1-2: Ball
2-2: Ball
3-2: Foul Ball, location: 3FF
3-2: Base on Balls
Batting: RHB Justin Rottier 0-0: Called Strike
0-1: Foul Ball, location: 2F
0-2: DOUBLE (Flyball, 78XD, EV 103.1 MPH)
Mike Godwin scores
Gene Foley to third
Runner from 3rd tries for Home, SAFE, throw by LF to home
Batting: LHB Blake Marez 0-0: Intentional Walk
Batting: RHB Aaron Hinojosa 0-0: Fly out, F8 (Line Drive, 8RD, EV 93.8 MPH)
Batting: LHB Joey Baker 0-0: Foul Ball, location: 3F
0-1: Called Strike
0-2: Ball
1-2: Foul Ball, location: 23FF
1-2: Ball
2-2: Ball
3-2: Foul Ball, location: 23FF
3-2: Ground out 1-3 (Groundball, 13, EV 71.9 MPH)
Bottom of the 6th over - 2 runs, 2 hits, 0 errors, 2 left on base; Stockton 2 - Rancho Cucamonga 2
TOP OF THE 7TH
Stockton Ports batting - Pitching for Rancho Cucamonga Quakes : RHP Guadalupe Lujan
Batting: SHB Andy Phillips 0-0: Called Strike
0-1: SINGLE (Groundball, 6MD, EV 106.3 MPH)
Batting: RHB T.J. Holland 0-0: Ball
1-0: Ball
2-0: Called Strike
2-1: Fielders Choice at 2nd, 3-6 (Groundball, 3S, EV 78.8 MPH)
Batting: LHB Matt Wiley 0-0: Called Strike
0-1: Foul Ball, location: 3DF
0-2: Grounds into double play, 6-4-3 (Groundball, 6, EV 86.3 MPH)
Top of the 7th over - 0 runs, 1 hit, 0 errors, 0 left on base; Stockton 2 - Rancho Cucamonga 2
BOTTOM OF THE 7TH
Rancho Cucamonga Quakes batting - Pitching for Stockton Ports : RHP Bobby Rettig
Batting: LHB Ryan Greene 0-0: Ball
1-0: Foul Ball, location: 25FF
1-1: Foul Ball, location: 2F
1-2: Foul Ball, location: 2F
1-2: Ball
2-2: Foul Ball, location: 2F
2-2: Foul Ball, location: 9LMFF
2-2: Ball
3-2: Base on Balls
Pitching: RHP Tony Gracia
Batting: RHB Aaron Marcis 0-0: Called Strike
0-1: Called Strike
0-2: Strikes out looking
Batting: SHB Mike Godwin 0-0: Called Strike
0-1: Called Strike
0-2: Ball
1-2: Foul Ball, location: 25F
1-2: Ball
2-2: Ball
3-2: Strikes out looking
Batting: SHB Jim Unknown 0-0: Called Strike
0-1: Foul Ball, location: 3FF
0-2: Ball
1-2: Foul Ball, location: 25F
1-2: Ball
2-2: Foul Ball, location: 5F
2-2: Foul Ball, location: 3F
2-2: Ball
3-2: Strikes out swinging
Bottom of the 7th over - 0 runs, 0 hits, 0 errors, 1 left on base; Stockton 2 - Rancho Cucamonga 2
TOP OF THE 8TH
Stockton Ports batting - Pitching for Rancho Cucamonga Quakes : RHP Guadalupe Lujan
Pitching: RHP Oscar de Leon
Batting: RHB Steve Groh 0-0: Ball
1-0: Ground out 3-1 (Groundball, 34S, EV 86.3 MPH)
Batting: RHB Jamal Smith 0-0: SINGLE (Groundball, 56, EV 101.9 MPH)
Pinch Hitting: LHB Juan Martinez 0-0: Ball
1-0: Ball
2-0: Called Strike
2-1: Foul Ball, location: 5SF
2-2: Strikes out swinging
Batting: RHB Andres Lucero 0-0: Called Strike
0-1: Ground out 6-3 (Groundball, 6S, EV 85.6 MPH)
Top of the 8th over - 0 runs, 1 hit, 0 errors, 1 left on base; Stockton 2 - Rancho Cucamonga 2
BOTTOM OF THE 8TH
Rancho Cucamonga Quakes batting - Pitching for Stockton Ports : RHP Tony Gracia
Pitching: RHP Steve Mitchell
Now at 2B: Andres Lucero
Now at SS: Kevin Paquette
Batting: RHB Gene Foley 0-0: Called Strike
0-1: Foul Ball, location: 9LSF
0-2: Foul Ball, location: 25F
0-2: Strikes out swinging
Batting: RHB Justin Rottier 0-0: Called Strike
0-1: Foul Ball, location: 9LMF
0-2: Ball
1-2: Foul Ball, location: 2F
1-2: Foul Ball, location: 25F
1-2: Fly out, F8 (Flyball, 78M, EV 98.1 MPH)
Batting: LHB Blake Marez 0-0: Ball
1-0: SOLO HOME RUN (Flyball, 9D, EV 95.6 MPH), Distance : 365 ft
Batting: RHB Aaron Hinojosa 0-0: Foul Ball, location: 9LSF
0-1: Ball
1-1: Ball
2-1: Foul Ball, location: 5F
2-2: Ball
3-2: Foul Ball, location: 5F
3-2: Foul Ball, location: 2F
3-2: Strikes out swinging
Bottom of the 8th over - 1 run, 1 hit, 0 errors, 0 left on base; Stockton 2 - Rancho Cucamonga 3
TOP OF THE 9TH
Stockton Ports batting - Pitching for Rancho Cucamonga Quakes : RHP Oscar de Leon
Pitching: RHP J.P. Vines
Batting: RHB Malachi Bazile 0-0: Ground out 5-3 (Groundball, 5L, EV 108.1 MPH)
Batting: RHB John Glidden 0-0: Called Strike
0-1: Ball
1-1: Called Strike
1-2: Strikes out swinging
Batting: SHB Andy Phillips 0-0: Ball
1-0: Called Strike
1-1: SINGLE (Line Drive, 6D, EV 103.8 MPH)
Batting: RHB T.J. Holland 0-0: Called Strike
0-1: Foul Ball, location: 2F
0-2: Strikes out looking
Top of the 9th over - 0 runs, 1 hit, 0 errors, 1 left on base; Stockton 2 - Rancho Cucamonga 3
Thursday, April 11th , 2024 - OOTP Baseball 24.11 Build 85